AoeStats
← Luclas

Arabia

510415614Analyzed
1v1 RM · 2d ago on Sep 30, 2026· 43m 36s· 2 players
Game mode
Random Map
Map size
Tiny (2 player)
Population
200
Speed
Normal
Resources
Standard
Victory
Conquest
Starting age
Dark Age
Ending age
Imperial Age
RankedLock teamsTeams togetherTeam positionsShared explorationLock speedFull tech treeHidden civsTurbo modeCheats
Victory
Defeat
🇺🇸 Hindustanis · United States
1516
+14
🇦🇷 Gurjaras · Argentina
1468
-14
Feudalplay
4:51 Loom
9:08 Feudal Age
9:44 Double-Bit Axe
9:57 Horse Collar
21:40 Castle Age
21:08 Scale Mail Armor
22:51 Bow Saw
23:13 Chain Mail Armor
24:53 Forging
25:44 Wheelbarrow
25:02 Pikeman
43:59 Imperial Age
Luclas
7:53 Loom
10:08 Feudal Age
10:16 Man-at-Arms
11:04 Double-Bit Axe
17:26 Wheelbarrow
20:49 Castle Age
19:13 Horse Collar
19:42 Scale Barding Armor
20:22 Forging
20:29 Gold Mining
21:28 Scale Mail Armor
22:21 Bloodlines
24:41 Husbandry
25:45 Padded Archer Armor
31:41 Fletching
36:26 Elite Skirmisher
38:17 Crossbowman
41:23 Bodkin Arrow
44:11 Chain Mail Armor
Connection lost

Rejoining the realm…

Still unreachable

The connection could not be restored.

Session expired

The server has moved on; the page needs a fresh start.